 Dungeon Crawl Stone Soup version 0.31.0-1-g2c135a008e (webtiles) character file.

Game seed: 17480663276759776937

690 qw the Ducker (level 7, -7/52 HPs)
             Began as a Djinni Hunter on Jan 23, 2024.
             Mangled by Edmund
             ... wielding a +2 flail of holy wrath
              (9 damage)
             ... on level 4 of the Dungeon.
             The game lasted 00:00:12 (2856 turns).

qw the Ducker (Djinni Hunter)                       Turns: 2856, Time: 00:00:12

Health: -7/52      AC:  5    Str: 10    XL:     7   Next: 95%
Gold:   181        EV: 14    Int: 11    God:
                   SH:  0    Dex: 24

rFire   + + .        a - +0 shortbow
rCold   x . .        (shield currently unavailable)
rNeg    . . .        e - +0 ring mail
rPois   inf          (no helmet)
rElec   .            (no cloak)
rCorr   .            (no gloves)
SInv    .            (boots unavailable)
Will    .....        (no amulet)
Stlth   +            d - +6 ring of dexterity
HPRegen 0.28/turn    (no ring)
MPRegen 0.00/turn

%: infuse magic (-8 HP)
@: flying
A: sickness immunity, fire resistance 2, cold vulnerability 1, float, innate
caster, HP casting, extra vitality 1
a: no special abilities


You were on level 4 of the Dungeon.
You visited 1 branch of the dungeon, and saw 4 of its levels.

You collected 181 gold pieces.


Innate Abilities, Weirdness & Mutations

You are immune to sickness and miasma.
You are immune to poison.
Your flesh is very heat resistant. (rF++)
You are vulnerable to cold. (rC-)
You float through the air rather than walking.
You learn spells naturally, not from books.
Your magical power is your life essence.
You have superior vitality. (+4 MHP)


   Skills:
 - Level 4.1 Fighting
 + Level 5.3 Ranged Weapons
 - Level 1.2 Armour
 - Level 5.6 Dodging
 - Level 0.7 Stealth


You knew the following spells:

 Your Spells              Type           Power      Damage    Failure   Level
a - Summon Small Mammal   Summ           0%         N/A       65%         1
b - Jinxbite              Hex            0%         N/A       80%         2
c - Vampiric Draining     Necr           0%         2d6       95%         3
Your spell library was empty.

Inventory:

Hand Weapons
 a - a +0 shortbow (weapon)
Armour
 e - a +0 ring mail (worn)
Jewellery
 d - a +6 ring of dexterity (left hand)
Wands
 b - a wand of iceblast (6)
Scrolls
 c - a scroll of blinking {unknown}
Potions
 f - a potion of cancellation {unknown}
 g - a potion of enlightenment
 h - a potion of haste
 k - a potion of mutation {unknown}
 l - a potion of heal wounds {unknown}

Dungeon Overview and Level Annotations

Branches:
Dungeon (4/15)
 Temple: D:4-7

Altars:
Dithmenos
Qazlal
Zin

Shops:
D:1 =

Annotations:
D:4 Edmund


Message History

Edmund closely misses you.
Edmund hits you with a +2 flail of holy wrath.
You shoot an arrow. The arrow barely misses Edmund.
Edmund misses you.
You shoot an arrow. The arrow barely misses Edmund.
Edmund barely misses you.
You shoot an arrow.
The arrow hits Edmund but does no damage.
Edmund is moderately wounded.
Edmund hits you with a +2 flail of holy wrath!
Edmund hits you with a +2 flail of holy wrath.
You shoot an arrow. The arrow hits Edmund.
Edmund is heavily wounded.
Edmund hits you with a +2 flail of holy wrath.
You shoot an arrow.
The arrow hits Edmund but does no damage.
Edmund is heavily wounded.
Edmund closely misses you.
You shoot an arrow.
The arrow hits Edmund but does no damage.
Edmund is heavily wounded.
Edmund says, "I'm quite good with sums, too."
Edmund hits you with a +2 flail of holy wrath.
You shoot an arrow. The arrow barely misses Edmund.
Edmund hits you with a +2 flail of holy wrath!
Edmund hits you with a +2 flail of holy wrath.
You shoot an arrow. The arrow hits Edmund!
Edmund is heavily wounded.
Edmund closely misses you.
You shoot an arrow. The arrow hits Edmund.
Edmund is severely wounded.
Edmund misses you.
You shoot an arrow. The arrow barely misses Edmund.
Edmund hits you with a +2 flail of holy wrath.
You shoot an arrow. The arrow hits Edmund.
Edmund is severely wounded.
Edmund hits you with a +2 flail of holy wrath.
Edmund hits you with a +2 flail of holy wrath!
You die...
Edmund whines, "They better pay attention to me now!"

.# #############...#. ##
##.........@@...... .¤.
#..##.##..###.....### #.¤¤#
#.###'###'###+#####.# #¤...¤
#.#..#.......#..# #.##¤¤..¤¤
#.#..#.......#..###.#)¤¤¤¤¤¤
#.+..'###'###+..+.......¤¤¤¤
#.#..#.'...+.#..#........_..
#.#..#.#...#.#..#.#.........
#.'##'.#._.#.'##'.#)#.¤¤¤¤.¤


You could see Edmund.

Vanquished Creatures
  Grinder (D:3)
  A scorpion (D:4)
  A bombardier beetle (D:3)
  2 hounds (D:4)
  2 orc priests (D:3)
  A sleepcap (D:4)
  Terence (D:3)
  Ijyb (D:3)
  Natasha (thrice) (D:3)
  An iguana (D:4)
  2 adders
  2 ufetubi (D:3)
  A dart slug (D:1)
  A ribbon worm (D:4)
  7 orcs (D:3)
  3 ball pythons
  6 bats
  7 endoplasms
  5 giant cockroaches
  6 goblins
  4 hobgoblins (D:1)
  2 quokkas
  2 frilled lizards
  5 kobolds
  3 rats
70 creatures vanquished.

Notes
Turn   | Place    | Note
-------+----------+-------------------------------------------
     0 | D:1      | qw the Djinni Hunter began the quest for the Orb.
     0 | D:1      | Reached XP level 1. HP: 18/18 MP: 0/0
     0 | D:1      | 0 ||| qw: Version: 0.3-a-136-gdd3b4e8
     0 | D:1      | 0 ||| qw: Game counter: 1117
     0 | D:1      | 0 ||| qw: Melee chars always use a shield: true
     0 | D:1      | 0 ||| qw: God list: Okawaru
     0 | D:1      | 0 ||| qw: Allow faded altars: false
     0 | D:1      | 0 ||| qw: Do Orc after clearing Dungeon:15 true
     0 | D:1      | 0 ||| qw: Do second Lair branch before Depths: true
     0 | D:1      | 0 ||| qw: Lair rune preference: random
     0 | D:1      | 0 ||| qw: Goals: Normal
     0 | D:1      | 0 ||| PLANNING D:1-11
   198 | D:1      | Reached XP level 2. HP: 23/23 MP: 0/0
   268 | D:1      | Found Ucisummao's Jewellery Shoppe.
   275 | D:1      | 275 ||| SHOPLISTING ring of protection from fire (275 gold,
                  | have 22).
   402 | D:1      | Reached XP level 3. HP: 28/28 MP: 0/0
   402 | D:1      | Learned a level 1 spell: Summon Small Mammal
   726 | D:1      | 726 ||| UPGRADING to +0 ring mail.
   736 | D:1      | 736 ||| DROPPING +0 leather armour.
   737 | D:1      | 737 ||| UPGRADING to +6 ring of dexterity.
   738 | D:1      | 738 ||| DROPPING scroll of butterflies.
  1060 | D:2      | Reached skill level 1 in Armour
  1149 | D:2      | 1149 ||| READING 2 scrolls labelled HAEMPAZXANA.
  1149 | D:2      | 1149 ||| IDENTIFYING golden potion
  1150 | D:2      | 1150 ||| READING scroll of identify.
  1150 | D:2      | 1150 ||| IDENTIFYING dark potion
  1151 | D:2      | 1151 ||| READING scroll labelled CIZXET SEREWUQ.
  1151 | D:2      | 1151 ||| ENCHANTING +0 shortbow.
  1152 | D:2      | 1152 ||| READING 3 scrolls labelled ISKISU LIZ OTA.
  1153 | D:2      | 1153 ||| READING scroll labelled LULEOTS YVOYH.
  1154 | D:2      | 1154 ||| DROPPING potion of degeneration.
  1155 | D:2      | 1155 ||| DROPPING 2 scrolls of fear.
  1173 | D:3      | Noticed Natasha
  1177 | D:3      | Killed Natasha
  1178 | D:3      | Reached skill level 3 in Fighting
  1178 | D:3      | Reached XP level 4. HP: 35/35 MP: 0/0
  1202 | D:3      | Noticed Natasha
  1210 | D:3      | Killed Natasha
  1271 | D:3      | Reached XP level 5. HP: 40/40 MP: 0/0
  1271 | D:3      | Learned a level 2 spell: Jinxbite
  1290 | D:3      | Noticed Grinder
  1295 | D:3      | Paralysed by Grinder for 3 turns
  1302 | D:3      | Paralysed by Grinder for 2 turns
  1308 | D:3      | Killed Grinder
  1309 | D:3      | Reached XP level 6. HP: 15/46 MP: 0/0
  1446 | D:3      | 1446 ||| READING scroll labelled CESOIT LAERER.
  1748 | D:3      | Noticed Ijyb
  1760 | D:3      | Killed Ijyb
  1761 | D:3      | Reached XP level 7. HP: 39/50 MP: 0/0
  1761 | D:3      | Learned a level 3 spell: Vampiric Draining
  1802 | D:3      | Found a stormy altar of Qazlal.
  1850 | D:3      | Noticed Natasha
  1855 | D:3      | 1855 ||| RETREEEEATING.
  1858 | D:3      | 1858 ||| RETREEEEATING.
  1873 | D:3      | Killed Natasha
  2099 | D:3      | Noticed Terence
  2112 | D:3      | Killed Terence
  2432 | D:3      | 2432 ||| READING scroll of identify.
  2432 | D:3      | 2432 ||| IDENTIFYING purple potion
  2433 | D:3      | 2433 ||| READING scroll labelled JAOROCR SEESMUB.
  2779 | D:4      | Found a shadowy altar of Dithmenos.
  2800 | D:4      | Found a glowing silver altar of Zin.
  2837 | D:4      | Noticed Edmund
  2852 | D:4      | HP: 11/52 [Edmund/+2 flail of holy wrath (12)]
  2855 | D:4      | HP: 4/52 [Edmund/+2 flail of holy wrath (6)]
  2856 | D:4      | Mangled by Edmund

Levels and vault maps discovered:
D:1:      roderic_crop_circles_arrival_small, layout_basic, serial_shops,
          nicolae_shop_advertising_works [nicolae_subvault_shop_adworks],
          grunt_decor_clamped, serial_bayou_pond_b, minmay_statues_item,
          chequers_serial_rivers_small_a, st_stairs_1
D:2:      layout_rooms
D:3:      layout_loops_ring, mainiacjoe_overflow_brackets, serial_glass,
          glass_columns_a, glass_columns_a,
          hangedman_abyss_or_decor_lesser_grid, uniq_natasha, uniq_ijyb,
          uniq_terence, uniq_grinder
D:4:      layout_rooms, mainiacjoe_overflow_24_doors,
          nicolae_dithmenos_the_darkroom, minmay_pentangle, uniq_edmund,
          uniq_crazy_yiuf_cottage

Skill      XL: |  1  2  3  4  5  6  7 |
---------------+----------------------+-----
Ranged Weapons | 4 5 |  5.3
Armour         | 1 |  1.2
Fighting       | 3 4 |  4.1
Dodging        | 5 |  5.6
Stealth        | |  0.7

Action                     |  1- 3 |  4- 6 |  7- 9 || total
---------------------------+-------+-------+-------++-------
   Fire: Shortbow          |    68 |    56 |   160 ||   284
    Use: Scroll            |     5 |     1 |     2 ||     8
 Armour: Leather armour    |    13 |       |       ||    13
         Ring mail         |     4 |    25 |    64 ||    93
  Dodge: Dodged            |    23 |    18 |    89 ||   130

Table legend:
 A = Non-vault XP
 B = Vault XP
 C = Vault XP percentage of total XP
 D = Non-vault monster count
 E = Vault monster count
 F = Vault count percentage of total count
                 A         B        C        D         E       F
            +---------+---------+-------+---------+---------+-------
      Total |     485 |     502 |  50.9 |      52 |      18 |  25.7
            +---------+---------+-------+---------+---------+-------
        D:1 |      31 |      14 |  31.1 |      17 |       7 |  29.2
        D:2 |      21 |       0 |   0.0 |       6 |       0 |   0.0
        D:3 |     247 |     396 |  61.6 |      21 |       4 |  16.0
        D:4 |     186 |      92 |  33.1 |       8 |       7 |  46.7
            +---------+---------+-------+---------+---------+-------
